 Dungeon Crawl Stone Soup version 0.31-a0-1611-g890cdf5628 (webtiles) character file.

Game seed: 1654450929046102598

50 wildpjah the Slasher (level 3, -4/31 HPs)
             Began as a Gnoll Reaver on Jan 9, 2024.
             Slain by a gnoll
             ... wielding a +0 spear
              (5 damage)
             ... on level 2 of the Dungeon.
             The game lasted 00:01:36 (1170 turns).

wildpjah the Slasher (Gnoll Reaver)                 Turns: 1170, Time: 00:01:37

Health: -4/31      AC: 10    Str: 11    XL:     3   Next: 79%
Magic:  9/9        EV:  2    Int: 12    God:
Gold:   33         SH:  0    Dex: 12    Spells: 11/12 levels left

rFire   . . .        e - +2 short sword (flame)
rCold   . . .        (no shield)
rNeg    . . .        d - +0 plate armour
rPois   .            (no helmet)
rElec   .            (no cloak)
rCorr   .            (no gloves)
SInv    .            (no boots)
Will    .....        (no amulet) Stlth
                     (no ring)
HPRegen 0.25/turn    (no ring)
MPRegen 0.11/turn

%: no passive effects
@: no status effects
A: fangs 1, strong nose, distributed training
a: no special abilities


You were on level 2 of the Dungeon.
You visited 1 branch of the dungeon, and saw 2 of its levels.

You collected 33 gold pieces.

Inventory:

Hand Weapons
 a - a +0 falchion
 e - a +2 short sword of flaming (weapon)
Missiles
 c - 18 stones
Armour
 b - a +0 leather armour
 d - a +0 plate armour (worn)
Scrolls
 f - a scroll of fear {unknown}
 g - a scroll of revelation {unknown}
 i - a scroll of fog {unknown}
 j - a scroll of torment {unknown}
Potions
 h - a potion of haste {unknown}


   Skills:
 + Level 4.6 Fighting
 + Level 1.0 Short Blades
 + Level 6.5 Long Blades
 + Level 1.0 Axes
 + Level 1.0 Maces & Flails
 + Level 1.0 Polearms
 + Level 1.0 Staves
 + Level 1.0 Ranged Weapons
 + Level 1.0 Throwing
 + Level 1.0 Armour
 + Level 4.6 Dodging
 + Level 1.0 Stealth
 + Level 1.0 Shields
 + Level 1.0 Unarmed Combat
 + Level 5.0 Spellcasting
 + Level 5.4 Conjurations
 + Level 0.7 Hexes
 + Level 0.7 Summonings
 + Level 0.7 Necromancy
 + Level 0.7 Translocations
 + Level 0.7 Fire Magic
 + Level 0.7 Ice Magic
 + Level 0.7 Air Magic
 + Level 0.7 Earth Magic
 + Level 0.7 Alchemy
 + Level 1.0 Invocations
 + Level 1.0 Evocations
 + Level 0.8 Shapeshifting


You had 11 spell levels left.
You knew the following spells:

 Your Spells              Type           Power      Damage    Failure   Level
a - Kiss of Death         Conj/Necr      40%        2d8       100%        1

Your spell library contained the following spells:

 Spells                   Type           Power      Damage    Failure   Level
 Ensorcelled Hibernation  Hex/Ice        8%         N/A       100%        2
 Momentum Strike          Conj/Tloc      20%        3d8       100%        2
 Fugue of the Fallen      Necr           4%         N/A       100%        3
 Hailstorm                Conj/Ice       10%        3d6       100%        3
 Anguish                  Hex/Necr       2%         N/A       100%        4


Dungeon Overview and Level Annotations

Branches:
Dungeon (2/15)

Altars:


Innate Abilities, Weirdness & Mutations

You have very sharp teeth.
Your uncanny sense of smell can sniff out nearby items.
Your experience applies equally to all skills.


Message History

The gnoll is moderately wounded.
The gnoll hits you with a +0 flail.
The gnoll hits you from afar with a +0 spear.
The gnoll hits you but does no damage.
You closely miss the gnoll.
The gnoll is moderately wounded.
The gnoll hits you with a +0 flail.
The gnoll hits you from afar with a +0 spear!
The gnoll hits you but does no damage.
You are too injured to fight recklessly!
You are too injured to fight recklessly!
You are too injured to fight recklessly!
You are too injured to fight recklessly!
You are too injured to fight recklessly!
You are too injured to fight recklessly!
You are too injured to fight recklessly!
You are too injured to fight recklessly!
You are too injured to fight recklessly!
You are too injured to fight recklessly!
You are too injured to fight recklessly!
Unknown command.
You hit the gnoll. You burn the gnoll.
The gnoll is severely wounded.
The gnoll hits you but does no damage. x2
The gnoll hits you from afar with a +0 spear.
You barely miss the gnoll.
The gnoll is severely wounded.
The gnoll hits you but does no damage. The gnoll barely misses you.
The gnoll hits you from afar with a +0 spear.
* * * LOW HITPOINT WARNING * * *
You hit the gnoll. You burn the gnoll.
The gnoll is almost dead.
The gnoll hits you but does no damage. x3; The gnoll barely misses you.
You closely miss the gnoll. You bite the gnoll.
You kill the gnoll!
The gnoll hits you with a +0 flail.
* * * LOW HITPOINT WARNING * * *
The gnoll hits you but does no damage.
The gnoll hits you from afar with a +0 spear.
You die...

....... ....... #......
####...... .........
###...##..
#########.....##..
##........†....#...
##)@.(..............
.....ggg...........#....
#####.................##
#...........####..##
#.........### #....
#.........# #####
##.......## #.........
#.........


You could see 3 gnolls.

Vanquished Creatures
  A gnoll (D:2)
  An adder (D:2)
  3 dart slugs (D:1)
  2 ball pythons (D:1)
  2 endoplasms
  3 giant cockroaches
  5 goblins
  2 hobgoblins (D:1)
  A quokka (D:1)
  2 bats (D:1)
  4 frilled lizards
  7 kobolds (D:1)
  4 rats
37 creatures vanquished.

Notes
Turn   | Place    | Note
-------+----------+-------------------------------------------
     0 | D:1      | wildpjah the Gnoll Reaver began the quest for the Orb.
     0 | D:1      | Reached XP level 1. HP: 20/20 MP: 6/6
   112 | D:1      | Reached XP level 2. HP: 26/26 MP: 7/7
   555 | D:1      | Reached skill level 5 in Spellcasting
   555 | D:1      | Reached XP level 3. HP: 31/31 MP: 7/9
   679 | D:1      | Reached skill level 1 in Invocations
  1081 | D:2      | Reached skill level 1 in Short Blades
  1081 | D:2      | Reached skill level 1 in Axes
  1081 | D:2      | Reached skill level 1 in Maces & Flails
  1081 | D:2      | Reached skill level 1 in Polearms
  1081 | D:2      | Reached skill level 1 in Staves
  1081 | D:2      | Reached skill level 1 in Ranged Weapons
  1081 | D:2      | Reached skill level 1 in Throwing
  1081 | D:2      | Reached skill level 1 in Armour
  1081 | D:2      | Reached skill level 1 in Stealth
  1081 | D:2      | Reached skill level 1 in Shields
  1081 | D:2      | Reached skill level 1 in Unarmed Combat
  1081 | D:2      | Reached skill level 1 in Evocations
  1170 | D:2      | HP: 1/31 [gnoll/+0 flail (5)]
  1170 | D:2      | Slain by a gnoll

Illustrated notes

Levels and vault maps discovered:
D:1:      erik_arrival_orb_chamber, layout_basic,
          chequers_serial_rivers_large_a, lexackson_kobold_supper
D:2:      layout_rooms, basic_altar

Skill      XL: |  1  2  3 |
---------------+----------+-----
Spellcasting   | 5 |  5.0
Invocations    | 1 |  1.0
Short Blades   | 1 |  1.0
Axes           | 1 |  1.0
Maces & Flails | 1 |  1.0
Polearms       | 1 |  1.0
Staves         | 1 |  1.0
Ranged Weapons | 1 |  1.0
Throwing       | 1 |  1.0
Armour         | 1 |  1.0
Stealth        | 1 |  1.0
Shields        | 1 |  1.0
Unarmed Combat | 1 |  1.0
Evocations     | 1 |  1.0
Fighting       | |  4.6
Long Blades    | |  6.5
Dodging        | |  4.6
Conjurations   | |  5.4
Hexes          | |  0.7
Summonings     | |  0.7
Necromancy     | |  0.7
Translocations | |  0.7
Fire Magic     | |  0.7
Ice Magic      | |  0.7
Air Magic      | |  0.7
Earth Magic    | |  0.7
Alchemy        | |  0.7
Shapeshifting  | |  0.8

Action                     || total
---------------------------++-------
  Melee: Falchion          ||    91
         Bite              ||     9
         Short sword       ||    50
 Armour: Leather armour    ||     7
         Plate armour      ||   157
  Dodge: Dodged            ||    29

Table legend: (Time is in decaauts)
 A = Elapsed time spent in this place.
 B = Non-inter-level travel time spent in this place.
 C = Inter-level travel time spent in this place.
 D = Time resting spent in this place.
 E = Time spent auto-exploring this place.
 F = Levels seen in this place.
 G = Mean time per level.
                   A        B        C        D        E       F      G
               +--------+--------+--------+--------+--------+-----+--------+
         Total |   1176 |   1131 |     45 |      0 |    855 |   2 |  588.0 |
       Dungeon |   1176 |   1131 |     45 |      0 |    855 |   2 |  588.0 |
               +--------+--------+--------+--------+--------+-----+--------+

Top non-repeatable levels by time:
     D:1: 1001 daAuts
     D:2: 174 daAuts
